 Dungeon Crawl Stone Soup version 0.31-b1-22-gc680215f68 (webtiles) character file.

Game seed: 9552761702123734359

1698 groovy9 the Chopper (level 9, -3/84 HPs)
             Began as a Gargoyle Fighter on Jan 18, 2024.
             Was a Follower of Trog.
             Slain by a gnoll
             ... wielding a +0 halberd
             ... led by a gnoll sergeant
              (6 damage)
             ... on level 5 of the Dungeon.
             The game lasted 00:12:45 (3580 turns).

groovy9 the Chopper (Gargoyle Fighter)              Turns: 3580, Time: 00:12:45

Health: -3/84      AC: 24    Str: 24    XL:     9   Next: 3%
Magic:  9/9        EV:  2    Int:  9    God:    Trog [*.....]
Gold:   191        SH:  5    Dex:  9    Spells: 8/8 levels left

rFire   . . .        a - +0 war axe
rCold   . . .        c - +0 buckler
rNeg    + . .        g - melded +0 chain mail
rPois   ∞            l - melded +0 helmet
rElec   .            (cloak currently unavailable)
rCorr   .            p - melded +0 pair of gloves
SInv    .            (boots currently unavailable)
Will    .....        (no amulet)
Stlth   +            (no ring)
HPRegen 0.34/turn    (no ring)
MPRegen 0.11/turn

%: no passive effects
@: tree-form, on berserk cooldown, slowed, very slow
A: stationary, stasis, torment immunity, boosted hp, sickness immunity, AC +6,
negative energy resistance 1, (electricity resistance), torment resistance 1,
petrification resistance
a: Renounce Religion, Berserk


You were on level 5 of the Dungeon.
You worshipped Trog.
Trog was aware of your devotion.
You were a tree.
You visited 2 branches of the dungeon, and saw 6 of its levels.
You also visited: Sewer.

You collected 191 gold pieces.

Inventory:

Hand Weapons
 a - a +0 war axe (weapon)
Missiles
 q - a throwing net (quivered)
Armour
 c - a +0 buckler (worn)
 g - a +0 chain mail (melded)
 l - a +0 helmet (melded)
 p - a +0 pair of gloves (melded)
Scrolls
 h - 2 scrolls of fog
 i - a scroll of poison
 j - a scroll of noise
 m - a scroll of revelation {unknown}
Potions
 d - a potion of curing
 e - 2 potions of attraction
 n - a potion of mutation {unknown}
 o - a potion of haste {unknown}


   Skills:
 + Level 6.4 Fighting
 * Level 6.7 Axes
 + Level 6.3 Armour
 + Level 6.3 Shields


You had 8 spell levels left.
You didn't know any spells.
Your spell library contained the following spells:

 Spells                   Type           Power      Damage    Failure   Level
 Static Discharge         Conj/Air       0%         3-3/arc   56%         2
 Airstrike                Air            0%         2d(0-16)  99%         4
 Summon Lightning Spire   Summ/Air       0%         N/A       99%         4


Dungeon Overview and Level Annotations

Branches:
Dungeon (5/15)             Temple (1/1) D:4           Sewer (visited)

Altars:
Cheibriados
Dithmenos
Elyvilon
Fedhas
Gozag
Hepliaklqana
Kikubaaqudgha
Makhleb
Nemelex Xobeh
Okawaru
Qazlal
Ru
Sif Muna
Trog
Uskayaw
Wu Jian
Xom
Yredelemnul
Zin
The Shining One


Innate Abilities, Weirdness & Mutations

You are a tree.
Your roots penetrate the ground, keeping you stationary.
You cannot be teleported.
You are immune to unholy pain and torment.
Your maximum health is greatly increased.
Your equipment is partially melded.
You are immune to sickness and miasma.
((Your stone body is resilient. (AC +6)))
You are immune to poison.
You resist negative energy. (rN+)
((You are resistant to electric shocks. (rElec)))
You are resistant to unholy torment.
You are immune to petrification.


Message History

The gnoll hits you from afar with a +0 halberd.
The gnoll sergeant hits you but does no damage.
The gnoll completely misses you. The gnoll hits you but does no damage.
The gnoll sergeant blocks your attack.
The gnoll sergeant hits you with a +2 heavy spear!
You block the gnoll's attack. The gnoll hits you but does no damage.
The gnoll hits you from afar with a +0 halberd.
* * * LOW HITPOINT WARNING * * *
The gnoll hits you but does no damage.
You barely miss the gnoll sergeant.
The gnoll sergeant hits you but does no damage.
The gnoll hits you but does no damage. The gnoll barely misses you.
The gnoll sergeant hits you with a +2 heavy spear.
* * * LOW HITPOINT WARNING * * *
You barely miss the gnoll sergeant.
The gnoll hits you from afar with a +0 halberd!
* * * LOW HITPOINT WARNING * * *
You block the gnoll's attack.
The gnoll hits you but does no damage. x2
The gnoll sergeant hits you with a +2 heavy spear.
* * * LOW HITPOINT WARNING * * *
Okay, then.
As you read the scroll labelled ACACRIM ANAINA, it dissolves into smoke.
It was a scroll of fog.
You block the gnoll's attack. The gnoll hits you but does no damage.
The gnoll sergeant hits you but does no damage.
The gnoll hits you from afar with a +0 halberd.
* * * LOW HITPOINT WARNING * * *
The gnoll hits you but does no damage.
It was a potion of curing.
You feel better. You block the gnoll's attack.
The gnoll hits you but does no damage.
The gnoll sergeant hits you with a +2 heavy spear.
* * * LOW HITPOINT WARNING * * *
Okay, then.
It was a potion of berserk rage.
You're still recovering from your berserk rage.
The gnoll hits you but does no damage. x2
The gnoll sergeant hits you with a +2 heavy spear.
* * * LOW HITPOINT WARNING * * *
The gnoll hits you from afar with a +0 halberd.
You die...

#### ########...#
#.........#
...########.........###
.....Bgg♣§§............
.....gg###§.........###.
..#.... #..............
#.... #..........#####
#.... #....##.†....#.#
#.... #.....#.........
#.... #.#.#.#......#..
..... #.#..........#..
#......#.....#..


You could see a gnoll sergeant and 2 gnolls.

Vanquished Creatures
  Pikel (D:5)
  Sigmund (D:4)
  A steam dragon (D:5)
  A water moccasin (D:5)
  3 ogres
  2 lemures (D:5)
  A necrophage (D:4)
  A scorpion (D:5)
  2 hounds
  2 jellies
  An orc priest (D:3)
  2 iguanas
  A hell rat (Sewer)
  A hound skeleton (D:4)
  2 gnolls (D:5)
  5 adders
  4 river rats
  A shadow imp (D:5)
  4 ufetubi (D:5)
  4 dart slugs
  9 orcs
  8 ball pythons
  3 endoplasms
  2 giant cockroaches
  6 goblins
  3 hobgoblins
  3 quokkas
  6 frilled lizards
  6 kobolds
  13 rats
99 creatures vanquished.

Notes
Turn   | Place    | Note
-------+----------+-------------------------------------------
     0 | D:1      | groovy9 the Gargoyle Fighter began the quest for the Orb.
     0 | D:1      | Reached XP level 1. HP: 14/14 MP: 1/1
   441 | D:2      | Reached XP level 2. HP: 19/19 MP: 2/2
   500 | D:2      | Found a shimmering altar of Xom.
   656 | D:2      | Reached XP level 3. HP: 23/23 MP: 3/3
   962 | D:2      | Identified the +5 dagger of Agony {antimagic, rElec rN+
                  | Str-3}
  1396 | D:3      | HP: 1/24 [orc/+1 flail of protection (5)]
  1400 | D:3      | Reached XP level 4. HP: 24/29 MP: 4/4
  1532 | D:3      | Found a basalt altar of Yredelemnul.
  1638 | D:4      | Found a white marble altar of Elyvilon.
  1641 | D:4      | Found a shimmering altar of Xom.
  1690 | D:4      | Found a staircase to the Ecumenical Temple.
  1698 | Temple   | Entered the Ecumenical Temple
  1750 | Temple   | Became a worshipper of Trog the Wrathful
  1812 | D:4      | Reached XP level 5. HP: 31/33 MP: 5/5
  1929 | D:4      | Found a glowing drain.
  2023 | D:4      | Noticed an ogre
  2029 | Sewer    | Entered a sewer
  2044 | Sewer    | Reached * piety under Trog
  2045 | Sewer    | Reached XP level 6. HP: 30/39 MP: 6/6
  2461 | D:4      | Noticed Sigmund
  2469 | D:4      | Killed Sigmund
  2470 | D:4      | Reached XP level 7. HP: 44/44 MP: 7/7
  2730 | D:4      | Reached skill level 5 in Fighting
  2762 | D:4      | Found a burning altar of Makhleb.
  2769 | D:4      | Reached skill level 5 in Armour
  2769 | D:4      | Reached skill level 5 in Shields
  3075 | D:5      | Entered Level 5 of the Dungeon
  3087 | D:5      | Reached skill level 5 in Axes
  3242 | D:5      | Noticed a steam dragon
  3253 | D:5      | Killed a steam dragon
  3254 | D:5      | Reached XP level 8. HP: 50/50 MP: 8/8
  3462 | D:5      | Noticed Pikel
  3470 | D:5      | Killed Pikel
  3535 | D:5      | Reached XP level 9. HP: 54/56 MP: 9/9
  3578 | D:5      | HP: 4/84 [gnoll/+0 halberd[a gnoll sergeant] (6)]
  3580 | D:5      | Slain by a gnoll

Illustrated notes

Levels and vault maps discovered:
D:1:      dpeg_arrival_shelter, layout_rooms, st_stairs_12
D:2:      layout_basic, basic_altar
D:3:      layout_rooms, lemuel_coloured_pillars_altar, serial_glass,
          glass_columns_a, glass_columns_c
D:4:      layout_basic, makhleb_blood_cavern_becter,
          gammafunk_temple_overflow_wave, minmay_temple_entry_junction,
          portal_sewer_entry_b, kennysheep_generic_room_16, uniq_sigmund
D:5:      kennysheep_steamy, layout_basic, uniq_pikel
Temple:   kb_temple_of_zot

Skill      XL: |  1  2  3  4  5  6  7  8 |
---------------+-------------------------+-----
Axes           | 2 3 4 5 6 |  6.7
Fighting       | 4 5 6 |  6.4
Armour         | 4 5 6 |  6.3
Shields        | 4 5 6 |  6.3

Action                     |  1- 3 |  4- 6 |  7- 9 || total
---------------------------+-------+-------+-------++-------
  Melee: War axe           |   115 |   152 |   109 ||   376
 Invoke: Berserk           |       |     2 |     4 ||     6
    Use: Potion            |     3 |       |     4 ||     7
         Scroll            |       |     5 |     1 ||     6
 Armour: Scale mail        |    87 |   100 |     1 ||   188
         Skin              |     3 |       |    36 ||    39
         Chain mail        |       |       |   125 ||   125
  Dodge: Dodged            |    58 |    79 |    51 ||   188
  Block: Buckler           |    31 |    28 |    39 ||    98
